 Dungeon Crawl Stone Soup version 0.31.0-9-g3a7656b989 (webtiles) character file.

Game seed: 18325159327389524895

18869 Doomgape the Fighter (level 12, -3/84 HPs)
             Began as a Gargoyle Fighter on Jan 29, 2024.
             Was a High Priest of Okawaru.
             Killed by divine providence
             ... invoked by a meliai
              (9 damage)
             ... on level 13 of the Dungeon.
             The game lasted 00:34:00 (10342 turns).

Doomgape the Fighter (Gargoyle Fighter)            Turns: 10342, Time: 00:34:00

Health: -3/84      AC: 29    Str: 25    XL:     12   Next: 63%
Magic:  0/28       EV:  9    Int:  9    God:    Okawaru [*****.]
Gold:   1439       SH:  7    Dex:  9    Spells: 11/11 levels left

rFire   + . .        w - +2 flail (heavy)
rCold   + . .        A - +0 kite shield
rNeg    + . .        q - +5 scale mail "Loasch" {rC++ MP+9 Str-3 Slay+3}
rPois   ∞            g - +0 helmet
rElec   +            (no cloak)
rCorr   .            E - +1 pair of gloves
SInv    .            (no boots)
Will    .....        x - amulet of guardian spirit Stlth
                     h - +4 ring of protection
HPRegen 0.34/turn    D - ring of Kaloonw Gewk {Fire rPois Str+3 Slay+2}
MPRegen 0.21/turn

%: guardian spirit
@: brilliant
A: sickness immunity, AC +8, negative energy resistance 1, electricity
resistance, torment resistance 1, petrification resistance
a: Renounce Religion, Heroism, Finesse, Duel


You were on level 13 of the Dungeon.
You worshipped Okawaru.
Okawaru was extremely pleased with you.
You visited 2 branches of the dungeon, and saw 14 of its levels.
You also visited: Sewer.

You collected 1439 gold pieces.

Inventory:

Hand Weapons
 a - a +0 flail of protection
 w - a +2 heavy flail (weapon)
 J - a +0 morningstar
Missiles
 d - 4 javelins (quivered)
 K - 2 throwing nets
Armour
 g - a +0 helmet (worn)
 q - the +5 scale mail "Loasch" (worn) {rC++ MP+9 Str-3 Slay+3}
   (You found it on level 3 of the Dungeon)

   Str-3:     It affects your strength (-3).
   Slay+3:    It affects your accuracy & damage with ranged weapons and melee
   (+3).
   rC++:      It greatly protects you from cold.
   MP+9:      It affects your magic capacity (+9).
 A - a +0 kite shield (worn)
 E - a +1 pair of gloves (worn)
Jewellery
 h - a +4 ring of protection (left hand)
 s - a ring of protection from fire
 x - an amulet of guardian spirit (around neck)
 C - a ring of ice
 D - the ring of Kaloonw Gewk (right hand) {Fire rPois Str+3 Slay+2}
   (You took it off a kobold on level 8 of the Dungeon)

   [ring of fire]

   Fire:      It enhances your fire magic.
   Str+3:     It affects your strength (+3).
   Slay+2:    It affects your accuracy & damage with ranged weapons and melee
   (+2).
   rF+:       It protects you from fire.
   rC-:       It makes you vulnerable to cold.
   rPois:     It protects you from poison
 M - a ring of protection from fire
Wands
 u - a wand of flame (9)
 B - a wand of polymorph (9)
 F - a wand of roots (3)
 I - a wand of paralysis (13)
Scrolls
 b - 4 scrolls of amnesia
 c - 2 scrolls of revelation
 n - 5 scrolls of identify
 p - 5 scrolls of teleportation
 r - 4 scrolls of noise
 v - a scroll of blinking
 y - a scroll of enchant armour
 H - 2 scrolls of fog
 N - a scroll of enchant weapon
 O - a scroll of vulnerability
Potions
 e - 4 potions of mutation
 f - a potion of berserk rage
 i - 2 potions of curing
 j - a potion of experience {unknown}
 k - a potion of brilliance
 l - 2 potions of magic
 m - a potion of attraction {unknown}
 o - 2 potions of haste {unknown}
 t - 4 potions of ambrosia
 z - a potion of heal wounds {unknown}
 G - a potion of might
 L - a potion of enlightenment {unknown}
 P - a potion of cancellation {unknown}


   Skills:
 + Level 13.3 Fighting
 - Level 12.6 Maces & Flails
 - Level 8.3 Armour
 - Level 3.2 Shields
 + Level 9.7 Invocations


You had 11 spell levels left.
You didn't know any spells.
Your spell library contained the following spells:

 Spells                   Type           Power      Damage    Failure   Level
 Kiss of Death            Conj/Necr      0%         2d5       88%         1
 Magic Dart               Conj           0%         1d3       88%         1
 Blink                    Tloc           0%         N/A       95%         2
 Confusing Touch          Hex            0%         N/A       99%         3
 Dispel Undead            Necr           0%         3d6       100%        4
 Ignite Poison            Fire/Alch      0%         N/A       100%        4
 Freezing Cloud           Conj/Ice/Air   0%         6-21      100%        5
 Call Imp                 Summ           Unusable   N/A       N/A         2
 Cigotuvi's Dreadful Rot  Necr/Alch/Air  Unusable   N/A       N/A         2

Dungeon Overview and Level Annotations

Branches:
Dungeon (13/15)            Temple (1/1) D:4            Lair (0/5) D:9
    Orc (0/2) D:9           Sewer (visited)
 Vaults: D:13-14

Altars:
Ashenzari
Cheibriados
Dithmenos
Elyvilon
Fedhas
Gozag
Hepliaklqana
Kikubaaqudgha
Makhleb
Nemelex Xobeh
Okawaru
Qazlal
Ru
Sif Muna
Trog
Uskayaw
Vehumet
Wu Jian
Xom
Yredelemnul
Zin
The Shining One

Shops:
D:12 *

Annotations:
D:12 3 runed translucent doors, exclusion: obsidian statue, temujin's ghost, journeyman DjCj


Innate Abilities, Weirdness & Mutations

You are immune to sickness and miasma.
Your stone body is resilient. (AC +8)
You are immune to poison.
You resist negative energy. (rN+)
You are resistant to electric shocks. (rElec)
You are resistant to unholy torment.
You are immune to petrification.


Message History

You see here a basilisk corpse.
There is a stone staircase leading down here.
A meliai comes into view. It is wielding a +0 hand axe.
A meliai comes into view. It is wielding a +0 war axe.
The meliai moves out of view.
Okay, then.
A meliai is nearby!
A meliai comes into view. It is wielding a +4 war axe.
The meliai buzzes angrily.
The meliai invokes the aid of its god against you.
Something smites you!
The meliai invokes the aid of its god against you.
Something smites you!
The meliai invokes the aid of its god against you.
Something smites you! You block the meliai's attack. x2
The meliai invokes the aid of its god against you.
Something smites you!
The meliai invokes the aid of its god against you.
Something smites you!
The meliai invokes the aid of its god against you.
Something smites you! The meliai attacks as it pursues you!
The meliai hits you with a +0 war axe.
The meliai stings you but does no damage.
The meliai hits you with a +0 war axe!
* * * LOW HITPOINT WARNING * * *
The meliai closely misses you.
It was a potion of curing.
You feel better. The meliai hits you with a +0 war axe!
* * * LOW HITPOINT WARNING * * *
The meliai barely misses you.
The meliai mumbles some strange prayers to its god against you.
Something smites you!
* * * LOW HITPOINT WARNING * * *
The meliai closely misses you.
The meliai stings you but does no damage.
It was a potion of brilliance.
You feel clever all of a sudden.
The meliai invokes the aid of its god against you.
Something smites you!
You die...

.##### .........#
.....# .........#
.....# .........#
.....# .........#
(....####.........
)###............y#
)# #.####### #y#
.# #.#### #y# .#
#....# #@# .#
####.# #.# .#
#..#.# #.#
.###....# #.#
......### #.#
##.....# #.#
#####.### #.#
#...# #.# ###.#
###.#


You could see 3 meliai.

Vanquished Creatures
  Erolcha (D:12)
  3 two-headed ogres
  3 death yaks (D:9)
  A boulder beetle (D:12)
  A tengu warrior (D:11)
  An ugly thing (D:12)
  2 cyclopes
  2 manticores
  A gargoyle (D:10)
  A komodo dragon (D:12)
  2 unseen horrors (D:12)
  A tengu conjurer (D:11)
  Psyche (D:10)
  3 trolls
  Grinder (D:4)
  2 hornets
  2 glass eyes (D:9)
  Sigmund (D:3)
  2 vampires
  A water elemental (D:11)
  3 wraiths
  A wyvern (D:10)
  11 yaks
  2 basilisks
  An acid dragon (D:7)
  5 water moccasins
  6 orc warriors (D:9)
  An ice beast (D:7)
  A black bear (D:6)
  14 centaurs
  8 kobold brigands
  A phantom (D:5)
  4 gnoll sergeants
  A bullfrog (D:8)
  2 scorpions
  3 wights (D:6)
  12 killer bees
  A bombardier beetle (D:5)
  2 electric eels (D:11)
  3 howler monkeys
  4 jellies
  6 orc priests
  Crazy Yiuf (D:4)
  A gnoll bouda (D:7)
  4 hounds
  2 iguanas (D:6)
  2 sleepcaps
  6 orc wizards
  23 gnolls
  7 adders
  A shadow imp (D:5)
  A white imp (D:7)
  2 ufetubi (D:6)
  3 dart slugs
  5 ribbon worms
  28 orcs
  7 ball pythons
  4 endoplasms
  9 giant cockroaches
  3 goblins
  A hobgoblin (D:1)
  6 jackals
  36 kobolds
  3 quokkas
  4 bats
  4 frilled lizards
  4 rats
291 creatures vanquished.

Notes
Turn   | Place    | Note
-------+----------+-------------------------------------------
     0 | D:1      | Doomgape the Gargoyle Fighter began the quest for the Orb.
     0 | D:1      | Reached XP level 1. HP: 14/14 MP: 1/1
   127 | D:1      | Reached XP level 2. HP: 17/19 MP: 2/2
   465 | D:1      | Reached XP level 3. HP: 24/24 MP: 3/3
   528 | D:2      | Reached skill level 4 in Fighting
   533 | D:2      | Found a faded altar of an unknown god.
  1029 | D:2      | Reached XP level 4. HP: 25/30 MP: 4/4
  1198 | D:3      | Found a glowing drain.
  1241 | Sewer    | Entered a sewer
  1268 | Sewer    | Noticed a kobold brigand
  1280 | Sewer    | Killed a kobold brigand
  1281 | Sewer    | Reached skill level 5 in Fighting
  1281 | Sewer    | Reached XP level 5. HP: 20/35 MP: 5/5
  1370 | Sewer    | Noticed a kobold brigand
  1380 | Sewer    | Killed a kobold brigand
  1381 | Sewer    | Reached skill level 5 in Maces & Flails
  1381 | Sewer    | Reached XP level 6. HP: 40/40 MP: 6/6
  1733 | D:3      | Found a hide-covered altar of Uskayaw.
  1789 | D:3      | Identified the +5 scale mail "Loasch" {rC++ MP+9 Str-3
                  | Slay+3}
  1867 | D:3      | Noticed Sigmund
  1879 | D:3      | Killed Sigmund
  1880 | D:3      | Reached XP level 7. HP: 44/44 MP: 7/7
  2373 | D:4      | Found an iron altar of Okawaru.
  2384 | D:4      | Noticed Grinder
  2401 | D:4      | Killed Grinder
  2450 | D:4      | Reached XP level 8. HP: 49/49 MP: 8/8
  2484 | D:4      | Became a worshipper of Warmaster Okawaru
  2944 | D:4      | Found a staircase to the Ecumenical Temple.
  2950 | Temple   | Entered the Ecumenical Temple
  3224 | D:4      | Found a runed translucent door.
  3225 | D:4      | Noticed Crazy Yiuf
  3236 | D:4      | Killed Crazy Yiuf
  3313 | D:5      | Entered Level 5 of the Dungeon
  3954 | D:5      | Reached * piety under Okawaru
  4265 | D:6      | Reached skill level 10 in Maces & Flails
  4419 | D:6      | Found a white marble altar of Elyvilon.
  4423 | D:6      | Found an opulent altar of Gozag.
  4442 | D:6      | Reached XP level 9. HP: 51/54 MP: 9/9
  4763 | D:6      | Reached ** piety under Okawaru
  6021 | D:8      | Identified the ring of Kaloonw Gewk {Fire rPois Str+3
                  | Slay+2}
  6164 | D:8      | Found a burning altar of Makhleb.
  6165 | D:8      | Noticed a blizzard demon
  6299 | D:8      | Reached skill level 6 in Fighting
  6302 | D:8      | Reached XP level 10. HP: 60/60 MP: 10/10
  6475 | D:9      | Found a staircase to the Orcish Mines.
  6492 | D:9      | Reached skill level 5 in Armour
  6548 | D:9      | Reached *** piety under Okawaru
  6569 | D:9      | Reached skill level 7 in Fighting
  6654 | D:9      | Noticed a two-headed ogre
  6668 | D:9      | Killed a two-headed ogre
  6668 | D:9      | Reached **** piety under Okawaru
  6669 | D:9      | Reached skill level 8 in Fighting
  6693 | D:9      | Reached ***** piety under Okawaru
  6694 | D:9      | Reached skill level 9 in Fighting
  6912 | D:9      | Noticed a death yak
  6925 | D:9      | Noticed a death yak
  6929 | D:9      | Noticed a death yak
  6934 | D:9      | Reached XP level 11. HP: 70/71 MP: 11/11
  6938 | D:9      | Killed a death yak
  6942 | D:9      | Killed a death yak
  6948 | D:9      | Killed a death yak
  6949 | D:9      | Reached skill level 10 in Fighting
  6966 | D:9      | Received a gift from Okawaru
  6997 | D:9      | Found a staircase to the Lair.
  7422 | D:10     | Entered Level 10 of the Dungeon
  7475 | D:10     | Reached skill level 5 in Invocations
  7514 | D:10     | Noticed Psyche
  7542 | D:10     | Paralysed by something for 2 turns
  7550 | D:10     | Killed Psyche
  7837 | D:10     | Reached skill level 11 in Fighting
  8462 | D:11     | Noticed a tengu warrior
  8479 | D:11     | Killed a tengu warrior
  8886 | D:11     | Reached XP level 12. HP: 81/81 MP: 17/17
  9410 | D:12     | Reached skill level 12 in Fighting
  9453 | D:12     | Received a gift from Okawaru
  9491 | D:12     | Identified a scroll of acquirement
  9491 | D:12     | Acquired 553 gold pieces
  9504 | D:12     | Noticed a two-headed ogre
  9515 | D:12     | Killed a two-headed ogre
  9682 | D:12     | Noticed a boulder beetle
  9687 | D:12     | Killed a boulder beetle
  9697 | D:12     | Found a runed translucent gate.
  9698 | D:12     | Found a runed translucent gate.
  9698 | D:12     | Found an opulent altar of Gozag.
  9699 | D:12     | Found a runed translucent gate.
  9710 | D:12     | Noticed Erolcha
  9712 | D:12     | Noticed temujin's ghost (journeyman DjCj)
  9712 | D:12     | Noticed an ettin
  9719 | D:12     | Killed Erolcha
  9719 | D:12     | Received a gift from Okawaru
  9720 | D:12     | Found Bemim's Assorted Antiques.
  9990 | D:12     | Noticed a two-headed ogre
  9999 | D:12     | Killed a two-headed ogre
 10000 | D:12     | Reached skill level 13 in Fighting
 10032 | D:12     | Identified the +2 robe "Ygameigg" {rCorr}
 10342 | D:13     | Killed from afar by a meliai

Illustrated notes

Levels and vault maps discovered:
D:1:      amcnicky_arrival_flooded_fountain, layout_rooms
D:2:      layout_loops_ring, hellmonk_ecumenical_altar_arch_garden
D:3:      layout_basic, nicolae_uskayaw_suspiria, gup_sewer_entry_glass,
          uniq_sigmund
D:4:      layout_cave_pods, okawaru_metal_pillars_1_2,
          minmay_temple_entry_fiery, kennysheep_cross_room,
          kennysheep_generic_room_3, uniq_crazy_yiuf_cottage, uniq_grinder
D:5:      layout_loops_ring, reono_crystal_passage
D:6:      layout_rooms, grunt_temple_overflow_open
D:7:      layout_basic
D:8:      layout_loops_cross, makhleb_altar_promises_db
D:9:      layout_loops_ring, dpeg_lair_monsters, onia_ninara_cookie
D:10:     layout_basic, uniq_psyche
D:11:     statuecave_lemuel, layout_basic
D:12:     layout_roguey, ebering_ghost_gozag, uniq_erolcha
D:13:     layout_basic, david_vaults_5, nicolae_blasting_shop,
          nicolae_zig_zag_zippers
Temple:   minmay_crystal_spiral_temple

Skill      XL: |  1  2  3  4  5  6  7  8  9 10 11 12 |
---------------+-------------------------------------+-----
Fighting       | 4 5 6 9 11 13 | 13.3
Maces & Flails | 3 4 5 7 8 10 12 | 12.6
Armour         | 4 8 |  8.3
Invocations    | 7 9 |  9.7
Shields        | |  3.2

Action                     |  1- 3 |  4- 6 |  7- 9 | 10-12 || total
---------------------------+-------+-------+-------+-------++-------
  Melee: Flail             |   101 |   149 |   357 |   359 ||   966
 Invoke: Heroism           |       |       |       |    11 ||    11
  Evoke: Wand              |       |       |       |     9 ||     9
    Use: Scroll            |     1 |     6 |     8 |     4 ||    19
         Potion            |       |     1 |     1 |     3 ||     5
 Armour: Scale mail        |    71 |   135 |   235 |   380 ||   821
  Dodge: Dodged            |    62 |    77 |   150 |   169 ||   458
  Block: Buckler           |    33 |    52 |    76 |       ||   161
         Kite shield       |       |       |    15 |   207 ||   222
